Map: 2000 Atmospheres LE

Players

Probe - Winner!

  • Race: Protoss Protoss

TeebuL

  • Race: Protoss Protoss
  • League: Gold

Event: DreamHack SC2 Masters 2021 Summer

VOD

Have the link to the VOD?

Description

Time

  • Played on: May 22, 2021, 6:03 a.m.
  • Length: 6:58

All games in this series

Show
View Real Time Build Order
Export as new Build Order

Probe Protoss - Winner!

Build Orders: Oracle Opening 

Get SALT Encoding   

  12  0:00  Probe  
  13  0:12  Probe  
  14  0:17  Pylon  
  14  0:24  Probe (Chrono Boost)  
  15  0:37  Probe (Chrono Boost)  
  15  0:39  Gateway  
  16  0:43  Probe (Chrono Boost)  
  16  0:47  Assimilator  
  17  0:51  Probe  
  18  0:59  Assimilator  
  18  1:03  Probe (Chrono Boost)  
  19  1:07  Gateway  
  19  1:13  Probe (Chrono Boost)  
  19  1:18  Probe (Chrono Boost)  
  21  1:26  Cybernetics Core  
  21  1:29  Probe  
  22  1:36  Pylon  
  22  1:41  Probe  
  23  1:54  Probe  
  24  2:02  Stalker x2, Warp Gate  
  24  2:06  Probe  
  29  2:11  Pylon  
  29  2:26  Stargate  
  29  2:36  Stalker  
  31  2:38  Probe  
  32  2:45  Stalker  
  34  2:52  Probe  
  35  3:13  Oracle (Chrono Boost)  
  38  3:23  Nexus  
  36  3:33  Shield Battery  
  36  3:45  Probe  
  36  3:46  Pylon  
  36  3:47  Oracle (Chrono Boost)  
  39  4:01  Twilight Council  
  39  4:05  Probe  
  39  4:11  Adept  
  39  4:12  Adept  
  39  4:17  Probe  
  44  4:29  Blink (Chrono Boost), Probe (Chrono Boost)  
  45  4:40  Probe (Chrono Boost)  
  47  4:47  Probe (Chrono Boost)  
  47  4:49  Probe (Chrono Boost)  
  48  4:54  Probe (Chrono Boost)  
  48  4:56  Probe (Chrono Boost)  
  47  5:02  Stalker x2  
  47  5:05  Probe (Chrono Boost)  
  52  5:07  Gateway x2  
  52  5:13  Probe (Chrono Boost)  
  53  5:17  Probe (Chrono Boost)  
  53  5:19  Pylon  
  54  5:22  Probe  
  54  5:27  Stalker  
  57  5:29  Stalker, Probe  
  57  5:34  Probe  
  61  5:36  Forge  
  61  5:41  Probe  
  62  5:45  Assimilator  
  62  5:46  Pylon, Probe  
  63  5:54  Stalker x2  
  63  5:56  Pylon  
  67  6:00  Probe x2  
  69  6:15  Nexus  
  69  6:19  Probe x2  
  69  6:25  Stalker  
  73  6:30  Robotics Facility  
  73  6:33  Probe  
  73  6:34  Probe  
  72  6:45  Probe  
  72  6:46  Probe  
Show
View Real Time Build Order
Export as new Build Order

TeebuL Protoss 

Build Orders:  

Get SALT Encoding   

  12  0:00  Probe  
  13  0:12  Probe  
  14  0:17  Pylon  
  14  0:25  Probe (Chrono Boost)  
  15  0:37  Gateway, Probe (Chrono Boost)  
  16  0:44  Probe (Chrono Boost)  
  16  0:46  Assimilator  
  17  0:51  Probe  
  17  0:54  Assimilator  
  18  1:03  Probe  
  19  1:07  Gateway  
  19  1:15  Probe  
  20  1:24  Cybernetics Core  
  20  1:27  Probe  
  20  1:31  Pylon  
  21  1:39  Probe  
  22  1:51  Probe  
  23  2:00  Stalker x2 (Chrono Boost), Warp Gate  
  27  2:06  Pylon  
  27  2:25  Probe  
  27  2:27  Stalker x2 (Chrono Boost)  
  32  2:37  Probe  
  33  2:58  Probe, Nexus  
  34  3:01  Sentry  
  36  3:06  Sentry  
  36  3:10  Pylon  
  38  3:15  Probe  
  38  3:19  Pylon  
  34  3:34  Probe  
  34  3:38  Twilight Council  
  35  3:48  Adept x2  
  35  3:51  Probe  
  35  3:54  Forge  
  40  4:03  Pylon, Probe (Chrono Boost)  
  42  4:15  Probe x2 (Chrono Boost)  
  43  4:17  Blink  
  43  4:23  Probe (Chrono Boost)  
  41  4:31  Probe (Chrono Boost)  
  40  4:32  Probe (Chrono Boost)  
  41  4:39  Probe (Chrono Boost)  
  41  4:41  Stalker  
  41  4:42  Probe (Chrono Boost)  
  41  4:44  Probe (Chrono Boost)  
  45  4:50  Stalker  
  45  4:51  Probe  
  39  4:58  Probe  
  39  5:03  Probe  
  40  5:08  Adept  
  42  5:15  Adept  
  42  5:16  Probe  
  42  5:19  Probe  
  42  5:28  Probe (Chrono Boost)  
  44  5:36  Probe (Chrono Boost)  
  44  5:40  Probe (Chrono Boost)  
  45  5:45  Probe (Chrono Boost)  
  45  5:46  Probe (Chrono Boost)  
  47  5:53  Dark Shrine  
  47  5:55  Probe  
  47  5:56  Probe  
  49  6:07  Probe  
  49  6:08  Probe  
  51  6:12  Gateway  
  51  6:14  Gateway  
  51  6:19  Pylon, Probe  
  51  6:20  Probe  
  51  6:22  Stalker  
  55  6:27  Stalker  
  55  6:31  Probe  
  55  6:32  Probe  
Tags
 
Add a new tag
Caveats
  • Supply blocks, unpowered buildings, or Contaminate may cause inaccurate times.
  • Supply counts are checked every 10 seconds.